 Dungeon Crawl Stone Soup version 0.31-a0-1001-g770356a28f (webtiles) character file.

Game seed: 1287626347193865810

3164 BinkBink the Blocker (level 9, -15/81 HPs)
             Began as a Minotaur Fighter on Nov 8, 2023.
             Was a Follower of the Shining One.
             Demolished by a boulder beetle (32 damage)
             ... on level 7 of the Dungeon.
             The game lasted 00:06:13 (5238 turns).

BinkBink the Blocker (Minotaur Fighter)             Turns: 5238, Time: 00:06:14

Health: -15/81     AC:  8    Str: 21    XL:     9   Next: 63%
Magic:  8/8        EV: 17    Int:  5    God:    the Shining One [*.....]
Gold:   279        SH:  6    Dex: 14    Spells: 8/8 levels left

rFire   . . .        s - +3 hand axe (flame)
rCold   . . .        c - +0 buckler
rNeg    . . .        b - +0 scale mail
rPois   .            (helmet restricted)
rElec   .            (no cloak)
rCorr   .            (no gloves)
SInv    .            (no boots)
Will    +....        e - amulet of regeneration Stlth
                     r - +5 ring of evasion
HPRegen 1.13/turn    u - ring of willpower
MPRegen 0.11/turn

%: no passive effects
@: glowing
A: horns 2, retaliatory headbutt
a: Renounce Religion, Divine Shield


You were on level 7 of the Dungeon.
You worshipped the Shining One.
The Shining One was aware of your devotion.
You visited 2 branches of the dungeon, and saw 8 of its levels.

You collected 279 gold pieces.

Inventory:

Hand Weapons
 a - a +0 war axe
 s - a +3 hand axe of flaming (weapon)
 A - a +5 dire flail of freezing
Missiles
 B - a throwing net
Armour
 b - a +0 scale mail (worn)
 c - a +0 buckler (worn)
Jewellery
 e - an amulet of regeneration (around neck)
 r - a +5 ring of evasion (left hand)
 u - a ring of willpower (right hand)
 x - a ring of willpower
 D - a ring of ice
Wands
 m - a wand of iceblast (11)
 v - a wand of flame (19)
Scrolls
 f - 2 scrolls of enchant weapon {unknown}
 g - 4 scrolls of teleportation
 h - 4 scrolls of identify {unknown}
 k - 2 scrolls of amnesia {unknown}
 p - a scroll of brand weapon {unknown}
 y - 2 scrolls of noise {unknown}
 C - a scroll of blinking {unknown}
Potions
 d - 2 potions of might
 i - a potion of heal wounds {unknown}
 j - 3 potions of curing
 l - a potion of magic {unknown}
 n - a potion of attraction {unknown}
 o - a potion of degeneration {unknown}
 q - a potion of haste {unknown}
 t - a potion of enlightenment {unknown}
 w - a potion of brilliance {unknown}
 z - 2 potions of lignification {unknown}


   Skills:
 + Level 8.1 Fighting
 + Level 7.6 Axes
 + Level 8.2 Armour
 + Level 6.3 Dodging
 + Level 8.2 Shields


You had 8 spell levels left.
You didn't know any spells.
Your spell library contained the following spells:

 Spells                   Type           Power      Damage    Failure   Level
 Magic Dart               Conj           0%         1d3       83%         1
 Call Imp                 Summ           0%         N/A       92%         2
 Static Discharge         Conj/Air       0%         3-3/arc   92%         2
 Gell's Gravitas          Tloc           0%         N/A       99%         3
 Mephitic Cloud           Conj/Pois/Air  0%         N/A       99%         3
 Teleport Other           Tloc           0%         N/A       99%         3
 Tukima's Dance           Hex            0%         N/A       99%         3
 Airstrike                Air            0%         2d(0-16)  100%        4
 Dimensional Bullseye     Hex/Tloc       0%         N/A       100%        4
 Iskenderun's Mystic Bla  Conj/Tloc      0%         2d3       100%        4
 Summon Lightning Spire   Summ/Air       0%         N/A       100%        4
 Dispersal                Tloc           0%         N/A       100%        6


Dungeon Overview and Level Annotations

Branches:
Dungeon (7/15)             Temple (1/1) D:6

Altars:
Ashenzari
Cheibriados
Dithmenos
Elyvilon
Gozag
Hepliaklqana
Kikubaaqudgha
Makhleb
Nemelex Xobeh
Qazlal
Ru
Sif Muna
Trog
Uskayaw
Vehumet
Wu Jian
Yredelemnul
Zin
The Shining One


Innate Abilities, Weirdness & Mutations

You have a pair of horns on your head.
You reflexively headbutt those who attack you in melee.


Message History

The boulder beetle is heavily wounded.
You completely miss the boulder beetle.
You headbutt the boulder beetle, but do no damage.
The boulder beetle is heavily wounded.
The boulder beetle bites you!
You hit the boulder beetle. You burn the boulder beetle.
The boulder beetle is severely wounded.
The boulder beetle leaps!
The steam dragon breathes steam at you. The ball of steam misses you.
You are engulfed in a cloud of scalding steam.
* * * LOW HITPOINT WARNING * * *
There is an open door, spattered with blood here.
Things that are here:
a +0 giant club; an ogre corpse; a bullfrog corpse You hit the steam dragon.
You burn the steam dragon. You headbutt the steam dragon!
The steam dragon is heavily wounded.
You hit the steam dragon. You burn the steam dragon.
The steam dragon is severely wounded.
The steam dragon breathes steam at you. The ball of steam misses you.
The steam dragon barely misses you. The steam dragon claws you.
You hit the steam dragon but do no damage.
The steam dragon is severely wounded.
You are engulfed in a cloud of scalding steam.
* * * LOW HITPOINT WARNING * * *
The boulder beetle curls into a ball and begins rolling!
You hit the steam dragon but do no damage.
The steam dragon is severely wounded.
You are engulfed in a cloud of scalding steam.
* * * LOW HITPOINT WARNING * * *
The steam dragon completely misses you. You furiously retaliate!
You headbutt the steam dragon!
You kill the steam dragon!
It was a potion of curing.
You feel better.
You are engulfed in a cloud of scalding steam.
* * * LOW HITPOINT WARNING * * *
The boulder beetle hits you!!
You die...

..######.#
#...#
#.....##.# ..:.
#####.##.# ...
#.##.# #.#
#.##.## ##°##
#.##..####..○##
#..##..##..○§.#
##......###B###
####.#.#...@§#
#...#...#§#
#...###.#.#
##..#.#.#.#
##.#.....#
#.###'#### ####
#........##
##...
########..##
##..##
##..#######..##


You could see a boulder beetle (rolling).

Vanquished Creatures
  Pikel (D:5)
  Grinder (D:4)
  3 steam dragons
  Duvessa (D:6)
  A sky beast (D:6)
  A black bear (D:4)
  An ice beast (D:5)
  An ogre (D:7)
  A centaur (D:6)
  2 kobold brigands
  Blork the orc (D:5)
  2 bullfrogs
  5 wights (D:7)
  Dowan (D:6)
  4 jellies
  6 hounds
  A gnoll bouda (D:7)
  3 orc priests
  5 sleepcaps
  An iguana (D:5)
  2 orc wizards
  Ijyb (D:3)
  8 gnolls
  6 adders
  4 shadow imps
  3 ufetubi (D:7)
  2 dart slugs (D:1)
  23 orcs
  2 bats (D:1)
  4 endoplasms
  6 giant cockroaches
  9 goblins
  8 hobgoblins
  2 jackals (D:2)
  9 kobolds
  4 quokkas
  2 ball pythons
  3 frilled lizards
  5 rats
145 creatures vanquished.

Notes
Turn   | Place    | Note
-------+----------+-------------------------------------------
     0 | D:1      | BinkBink the Minotaur Fighter began the quest for the Orb.
     0 | D:1      | Reached XP level 1. HP: 19/19 MP: 0/0
   213 | D:1      | Reached XP level 2. HP: 27/27 MP: 1/1
   923 | D:2      | Reached XP level 3. HP: 32/33 MP: 2/2
  1769 | D:3      | Noticed Ijyb
  1782 | D:3      | Killed Ijyb
  1783 | D:3      | Reached skill level 1 in Dodging
  1783 | D:3      | Reached XP level 4. HP: 25/40 MP: 3/3
  1976 | D:3      | Found a basalt altar of Yredelemnul.
  2517 | D:4      | Noticed a black bear
  2581 | D:4      | Noticed a kobold brigand
  2593 | D:4      | Killed a kobold brigand
  2594 | D:4      | Reached XP level 5. HP: 32/47 MP: 4/4
  2723 | D:4      | Reached skill level 5 in Armour
  2725 | D:4      | Reached XP level 6. HP: 39/55 MP: 5/5
  2798 | D:4      | Noticed Grinder
  2800 | D:4      | Paralysed by Grinder for 4 turns
  2807 | D:4      | Killed Grinder
  2808 | D:4      | Reached skill level 5 in Fighting
  2808 | D:4      | Reached skill level 5 in Shields
  2959 | D:4      | Reached XP level 7. HP: 55/61 MP: 6/6
  3193 | D:5      | Entered Level 5 of the Dungeon
  3252 | D:5      | Reached skill level 5 in Axes
  3288 | D:5      | Noticed Blork the orc
  3296 | D:5      | Killed Blork the orc
  3365 | D:5      | Noticed Pikel
  3689 | D:5      | Killed Pikel
  3690 | D:5      | Reached XP level 8. HP: 35/71 MP: 7/7
  3911 | D:6      | Found a staircase to the Ecumenical Temple.
  3931 | Temple   | Entered the Ecumenical Temple
  3943 | Temple   | Became a worshipper of the Shining One
  3969 | D:6      | Reached skill level 5 in Dodging
  4162 | D:6      | Noticed Duvessa
  4162 | D:6      | Noticed Dowan
  4168 | D:6      | Killed Dowan
  4174 | D:6      | Killed Duvessa
  4255 | D:6      | Found a snail-covered altar of Cheibriados.
  4307 | D:6      | Reached XP level 9. HP: 61/79 MP: 8/8
  4793 | D:7      | Reached * piety under the Shining One
  4993 | D:7      | Found an ornate altar of the Wu Jian Council.
  5177 | D:7      | Noticed a boulder beetle
  5238 | D:7      | Demolished by a boulder beetle

Illustrated notes

Levels and vault maps discovered:
D:1:      elethiomel_arrival_maze, layout_basic, minmay_split_cup_large
D:2:      layout_basic
D:3:      cheibrodos_greedy_goblins, layout_basic,
          mainiacjoe_overflow_boulevard, minivault_24, palyth_stone_intersect,
          uniq_ijyb
D:4:      layout_cave_pools, uniq_grinder
D:5:      layout_basic, minmay_hedge_maze, uniq_blork_the_orc, uniq_pikel
D:6:      layout_loops_ring, mainiacjoe_overflow_concentric_impassable,
          minmay_temple_entry_antechambers, chequers_serial_rivers_micro_b,
          minmay_circle_x, uniq_duvessa
D:7:      minmay_the_grid_octo_tiled_squarecenter [minmay_the_grid_octo_empty,
          minmay_the_grid_octo_focus, minmay_the_grid_octo_vomiting_pacman,
          minmay_the_grid_octo_clover_2,
          minmay_the_grid_square_5x5_megaprize_crossed,
          minmay_the_grid_square_5x5_tie, minmay_the_grid_square_5x5_corner,
          minmay_the_grid_square_5x5_six_small,
          minmay_the_grid_square_5x5_trominoes], layout_basic,
          pdpol_wu_jian_five_deadly_venoms
Temple:   nicolae_temple_superstar

Skill      XL: |  1  2  3  4  5  6  7  8  9 |
---------------+----------------------------+-----
Armour         | 4 5 6 7 8 |  8.2
Fighting       | 4 5 6 7 8 |  8.1
Shields        | 4 5 6 7 8 |  8.2
Axes           | 3 4 6 7 |  7.6
Dodging        | 1 2 4 5 6 |  6.3

Action                     |  1- 3 |  4- 6 |  7- 9 || total
---------------------------+-------+-------+-------++-------
  Melee: War axe           |    69 |    59 |       ||   128
         Headbutt          |     6 |    12 |    55 ||    73
         Hand axe          |       |    22 |   212 ||   234
    Use: Scroll            |       |       |     1 ||     1
         Potion            |       |       |     1 ||     1
 Armour: Scale mail        |    40 |    51 |   113 ||   204
  Dodge: Dodged            |    40 |    48 |   153 ||   241
  Block: Buckler           |    20 |    25 |    49 ||    94

Table legend: (Time is in decaauts)
 A = Elapsed time spent in this place.
 B = Non-inter-level travel time spent in this place.
 C = Inter-level travel time spent in this place.
 D = Time resting spent in this place.
 E = Time spent auto-exploring this place.
 F = Levels seen in this place.
 G = Mean time per level.
                   A        B        C        D        E       F      G
               +--------+--------+--------+--------+--------+-----+--------+
         Total |   5288 |   5021 |    267 |    223 |   4005 |   8 |  661.0 |
       Dungeon |   5264 |   5020 |    244 |    223 |   4005 |   7 |  752.0 |
        Temple |     24 |      1 |     23 |      0 |      0 |   1 |   24.0 |
               +--------+--------+--------+--------+--------+-----+--------+

Top non-repeatable levels by time:
     D:2: 916 daAuts
     D:1: 843 daAuts
     D:3: 840 daAuts
     D:6: 742 daAuts
     D:7: 730 daAuts
     D:4: 666 daAuts
     D:5: 524 daAuts
  Temple: 24 daAuts
